 Dungeon Crawl Stone Soup version 0.31.0 (webtiles) character file.

Game seed: 3489205601458348471

82 qw the Shooter (level 4, -6/28 HPs)
             Began as a Gargoyle Hunter on Jan 20, 2024.
             Mangled by an orc
             ... wielding a +0 morningstar
              (8 damage)
             ... on level 4 of the Dungeon.
             The game lasted 00:00:03 (823 turns).

qw the Shooter (Gargoyle Hunter)                     Turns: 823, Time: 00:00:04

Health: -6/28      AC:  6    Str: 14    XL:     4   Next: 43%
Magic:  4/4        EV: 11    Int: 10    God:
Gold:   22         SH:  0    Dex: 15    Spells: 3/3 levels left

rFire   . . .        a - +0 shortbow
rCold   . . .        (shield currently unavailable)
rNeg    + . .        c - +0 leather armour
rPois   inf          (no helmet)
rElec   +            (no cloak)
rCorr   .            (no gloves)
SInv    .            (no boots)
Will    .....        f - amulet of the acrobat
Stlth   ++           (no ring)
HPRegen 0.24/turn    (no ring)
MPRegen 0.09/turn

%: acrobat
@: no status effects
A: sickness immunity, AC +3, negative energy resistance 1, electricity
resistance, torment resistance 1, petrification resistance
a: no special abilities


You were on level 4 of the Dungeon.
You visited 1 branch of the dungeon, and saw 3 of its levels.

You collected 22 gold pieces.


Innate Abilities, Weirdness & Mutations

You are immune to sickness and miasma.
Your stone body is resilient. (AC +3)
You are immune to poison.
You resist negative energy. (rN+)
You are resistant to electric shocks. (rElec)
You are resistant to unholy torment.
You are immune to petrification.


   Skills:
 - Level 3.0 Fighting
 + Level 5.4 Ranged Weapons
 - Level 1.5 Dodging
 - Level 1.1 Stealth


You had 3 spell levels left.
You didn't know any spells.
Your spell library was empty.

Inventory:

Hand Weapons
 a - a +0 shortbow (weapon)
Armour
 c - a +0 leather armour (worn)
Jewellery
 f - an amulet of the acrobat (around neck)

Dungeon Overview and Level Annotations

Branches:
Dungeon (2/15)

Altars:


Message History

The orc hits you with a +0 morningstar!
The orc wizard gestures at you while chanting.
You are confused.
816 ||| DRINKING bubbling amethyst potion.
It was a potion of cancellation.
Your magical effects are unravelling.
You feel magically purged.
You feel less confused. The orc closely misses you.
You shoot an arrow.
The arrow closely misses the orc wizard.
The orc barely misses you. The orc wizard closely misses you.
The orc wizard hits you with a +1 dagger of electrocution.
The orc closely misses you. The goblin misses you. The orc barely misses you.
You shoot an arrow.
The arrow completely misses the orc wizard.
The orc barely misses you. The goblin hits you but does no damage.
The orc wizard casts a spell at you. The magic dart hits you.
The orc hits you but does no damage.
You shoot an arrow. The arrow hits the orc wizard.
The orc wizard is moderately wounded.
The orc closely misses you. The goblin barely misses you.
The orc wizard barely misses you. The orc hits you with a +0 morningstar!
You shoot an arrow. The arrow hits the orc wizard!
The orc wizard is almost dead.
The orc hits you with a +0 club. The orc hits you but does no damage.
The orc wizard gestures at you while chanting.
The puff of flame misses you. The goblin hits you but does no damage.
You shoot an arrow. The arrow hits the orc wizard.
You kill the orc wizard!
The orc completely misses you. The orc hits you but does no damage.
The goblin hits you but does no damage.
You shoot an arrow. The arrow barely misses the orc.
The orc barely misses you. The orc closely misses you.
The goblin hits you but does no damage. The goblin closely misses you.
The orc hits you with a +0 club. The orc hits you with a +0 morningstar.
You shoot an arrow. The arrow hits the orc!
You kill the orc!
The orc hits you with a +0 morningstar!
You die...

#.# ######.#
##.####......#
#...).....####
#..####.#.# #.
#.#.#
#..####.#.#
#.....).#.#
#..##@o.#.#
#)g.#.#
#......
.........
##.#####.# #.#
. #.# ...


You could see an orc and a goblin.

Vanquished Creatures
  An orc wizard (D:4)
  An adder (D:1)
  A dart slug (D:2)
  3 orcs (D:4)
  2 endoplasms (D:1)
  2 giant cockroaches (D:1)
  2 goblins (D:1)
  7 hobgoblins
  5 jackals (D:1)
  2 quokkas
  4 ball pythons
  3 bats (D:1)
  A frilled lizard (D:1)
  4 kobolds (D:1)
  4 rats
42 creatures vanquished.

Notes
Turn   | Place    | Note
-------+----------+-------------------------------------------
     0 | D:1      | qw the Gargoyle Hunter began the quest for the Orb.
     0 | D:1      | Reached XP level 1. HP: 12/12 MP: 1/1
     0 | D:1      | 0 ||| qw: Version: 0.3-a-132-g3d54051
     0 | D:1      | 0 ||| qw: Game counter: 457
     0 | D:1      | 0 ||| qw: Melee chars always use a shield: true
     0 | D:1      | 0 ||| qw: God list: Okawaru
     0 | D:1      | 0 ||| qw: Allow faded altars: false
     0 | D:1      | 0 ||| qw: Do Orc after clearing Dungeon:15 true
     0 | D:1      | 0 ||| qw: Do second Lair branch before Depths: true
     0 | D:1      | 0 ||| qw: Lair rune preference: random
     0 | D:1      | 0 ||| qw: Goals: Normal
     0 | D:1      | 0 ||| PLANNING D:1-11
   103 | D:1      | Reached XP level 2. HP: 17/17 MP: 2/2
   404 | D:1      | Reached XP level 3. HP: 21/21 MP: 3/3
   433 | D:1      | Reached skill level 5 in Ranged Weapons
   615 | D:1      | 615 ||| UPGRADING to amulet of the acrobat.
   620 | D:1      | 620 ||| READING scroll labelled BUESHI TYWI.
   625 | D:1      | 625 ||| READING scroll labelled KOCACZ HINAES PIV.
   626 | D:1      | 626 ||| DROPPING scroll of butterflies.
   637 | D:2      | 637 ||| STAIRDANCE
   653 | D:2      | 653 ||| STAIRDANCE
   672 | D:2      | 672 ||| STAIRDANCE
   726 | D:2      | Reached skill level 3 in Fighting
   733 | D:2      | Found a faded altar of an unknown god.
   791 | D:2      | You fall into a shaft and drop 2 floors!
   813 | D:4      | Reached XP level 4. HP: 28/28 MP: 4/4
   816 | D:4      | 816 ||| DRINKING bubbling amethyst potion.
   822 | D:4      | HP: 4/28 [orc/+0 club (4)]
   822 | D:4      | HP: 1/28 [orc/+0 morningstar (3)]
   823 | D:4      | Mangled by an orc

Levels and vault maps discovered:
D:1:      tekkud_arrival_beachfront_property, layout_rooms
D:2:      layout_loops_cross, serial_shops, nicolae_shop_real_fake_doors,
          ebering_ecumenical_altar_box
D:4:      layout_loops_ring, nicolae_qazlal_style_of_elements, kennysheep_nub,
          uniq_grinder

Skill      XL: |  1  2  3 |
---------------+----------+-----
Ranged Weapons | 5 |  5.4
Fighting       | 3 |  3.0
Dodging        | |  1.5
Stealth        | |  1.1

Action                     |  1- 3 |  4- 6 || total
---------------------------+-------+-------++-------
   Fire: Shortbow          |   134 |    10 ||   144
    Use: Scroll            |     2 |       ||     2
         Potion            |       |     1 ||     1
 Armour: Leather armour    |    48 |    16 ||    64
  Dodge: Dodged            |    56 |    16 ||    72

Table legend:
 A = Non-vault XP
 B = Vault XP
 C = Vault XP percentage of total XP
 D = Non-vault monster count
 E = Vault monster count
 F = Vault count percentage of total count
                 A         B        C        D         E       F
            +---------+---------+-------+---------+---------+-------
      Total |     121 |       0 |   0.0 |      42 |       0 |   0.0
            +---------+---------+-------+---------+---------+-------
        D:1 |      64 |       0 |   0.0 |      32 |       0 |   0.0
        D:2 |       9 |       0 |   0.0 |       4 |       0 |   0.0
        D:4 |      48 |       0 |   0.0 |       6 |       0 |   0.0
            +---------+---------+-------+---------+---------+-------
